 Dungeon Crawl Stone Soup version 0.31-a0-750-gfe7b580527 (webtiles) character file.

Game seed: 5605621579605581129

1288 Dirtsage the Ruffian (level 8, -2/64 HPs)
             Began as a Demonspawn Berserker on Sept 14, 2023.
             Was a Priest of Trog.
             Slain by an ogre
             ... wielding a +0 giant club
              (43 damage)
             ... on level 5 of the Dungeon.
             The game lasted 00:06:33 (4520 turns).

Dirtsage the Ruffian (Demonspawn Berserker)         Turns: 4520, Time: 00:06:33

Health: -2/64      AC:  8    Str: 20    XL:     8   Next: 30%
Magic:  8/8        EV:  2    Int:  9    God:    Trog [***...]
Gold:   305        SH:  0    Dex: 12    Spells: 7/7 levels left

rFire   + .          .
                       - Unarmed
rCold   . . .        (no shield)
rNeg    . . .        z - +2 ring mail {rF+}
rPois   +            (no helmet)
rElec   .            (no cloak)
rCorr   .            (no gloves)
SInv    .            g - +0 pair of boots
Will    .....        (no amulet)
Stlth   +            P - ring of poison resistance
HPRegen 0.30/turn    (no ring)
MPRegen 0.11/turn

%: no passive effects
@: sleeping, on berserk cooldown
A: claws 2, spiny 2
a: Renounce Religion, Berserk, Trog's Hand


You were on level 5 of the Dungeon.
You worshipped Trog.
Trog was most pleased with you.
You visited 2 branches of the dungeon, and saw 6 of its levels.
You also visited: Sewer.

You collected 305 gold pieces.

Inventory:

Hand Weapons
 a - a +0 hand axe
Armour
 b - a +0 animal skin
 g - a +0 pair of boots (worn)
 j - a +0 ring mail
 z - a +2 ring mail of fire resistance (worn)
Jewellery
 P - a ring of poison resistance (left claw)
Wands
 y - a wand of flame (20)
Scrolls
 c - 2 scrolls of noise
 d - 3 scrolls of teleportation {unknown}
 f - 6 scrolls of identify {unknown}
 h - a scroll of poison {unknown}
 k - 2 scrolls of enchant armour {unknown}
 l - 2 scrolls of fear {unknown}
 m - a scroll of immolation {unknown}
 o - 2 scrolls of revelation {unknown}
 p - 3 scrolls of enchant weapon {unknown}
 q - a scroll of vulnerability {unknown}
 r - 2 scrolls of amnesia {unknown}
 t - 2 scrolls of blinking {unknown}
Potions
 e - a potion of haste {unknown}
 i - a potion of cancellation {unknown}
 n - a potion of berserk rage {unknown}
 s - a potion of resistance {unknown}
 u - a potion of mutation
 v - a potion of might {unknown}
 w - 3 potions of brilliance {unknown}
 x - 6 potions of enlightenment
 A - a potion of attraction {unknown}


   Skills:
 + Level 5.8 Fighting
 - Level 4.6 Axes
 - Level 1.7 Armour
 - Level 1.7 Dodging
 * Level 6.9 Unarmed Combat


You had 7 spell levels left.
You didn't know any spells.
Your spell library contained the following spells:

 Spells                   Type           Power      Damage    Failure   Level
 Freeze                   Ice            0%         1d3       56%         1
 Kiss of Death            Conj/Necr      0%         2d5       56%         1
 Necrotise                Necr           0%         1d4       56%         1
 Confusing Touch          Hex            0%         N/A       90%         3
 Frozen Ramparts          Ice            0%         1d1       90%         3
 Hailstorm                Conj/Ice       0%         3d3       90%         3
 Vampiric Draining        Necr           0%         2d6       90%         3
 Dispel Undead            Necr           0%         3d6       100%        4
 Passage of Golubria      Tloc           0%         N/A       100%        4
 Agony                    Necr           0%         N/A       100%        5
 Silence                  Hex/Air        0%         N/A       100%        5
 Lehudib's Crystal Spear  Conj/Erth      0%         10d2      100%        8


Dungeon Overview and Level Annotations

Branches:
Dungeon (5/15)             Temple (1/1) D:4           Sewer (visited)

Altars:
Cheibriados
Dithmenos
Fedhas
Gozag
Kikubaaqudgha
Makhleb
Nemelex Xobeh
Okawaru
Qazlal
Ru
Sif Muna
Trog
Uskayaw
Vehumet
Wu Jian
Yredelemnul

Shops:
D:4 (


Innate Abilities, Weirdness & Mutations

You have very sharp fingernails.
You are mostly covered in sharp spines.


Message History

You feel a bit more experienced.
You take 2 damage, and have 55/64 hp.
Things that are here:
a +0 dagger; a +0 robe An orc is nearby!
You regained 2 hp, and now have 57/64 hp.
An orc and an orc priest come into view.
The orc shouts! x2; The orc priest shouts!
An orc comes into view.
It is wielding a +1 short sword of holy wrath.
A sleepcap comes into view.
You scratch the orc. You claw the orc.
You kill the orc!
Trog accepts your kill.
You scratch the orc.
The orc is severely wounded.
The orc priest calls down the wrath of Beogh upon you.
Beogh smites you! The orc is struck by your spines.
You kill the orc!
Trog accepts your kill.
An ogre comes into view. It is wielding a +0 giant club.
You take 15 damage, and have 43/64 hp.
MASSIVE DAMAGE!!
You are too injured to fight recklessly!
You are too injured to fight recklessly!
The ogre shouts!
You claw the orc priest!
You kill the orc priest!
Trog accepts your kill. The orc is struck by your spines.
The orc hits you but does no damage. The orc is struck by your spines.
You kill the orc!
Trog accepts your kill.
Items here: )) [ †.
You feel yourself speed up. The sleepcap releases spores at you.
You are engulfed in a cloud of soporific spores!
You fall asleep.
The ogre is struck by your spines.
The ogre hits you with a +0 giant club!!!
Ouch! That really hurt!
You die...

##. ####......##...# ###
.##.......#.##.#### #...
........#.........##....
........##..............
........................
...........)............
........).##.)........#
.......>)##..#........#.
......O@####.####.......
........f# #.###........
.........###...##.##....
..........[#...#........
........................
.......#.##......##.....
......####..............
.....# #..).).....##.#
...# #....).......##


You could see an ogre and a sleepcap.

Vanquished Creatures
  Pikel (D:4)
  Eustachio (D:4)
  A phantom (D:5)
  2 scorpions (D:4)
  A hound (D:5)
  3 orc priests
  Jessica (D:3)
  Ijyb (D:4)
  2 orc wizards
  5 gnolls
  11 adders
  6 river rats (Sewer)
  A worm (D:2)
  A dart slug (D:3)
  8 orcs
  12 bats
  5 endoplasms
  8 giant cockroaches
  8 goblins
  7 hobgoblins
  3 jackals (Sewer)
  5 quokkas
  11 ball pythons
  5 frilled lizards
  10 kobolds
  4 rats
123 creatures vanquished.

Notes
Turn   | Place    | Note
-------+----------+-------------------------------------------
     0 | D:1      | Dirtsage the Demonspawn Berserker began the quest for the
                  | Orb.
     0 | D:1      | Reached XP level 1. HP: 18/18 MP: 1/1
   191 | D:1      | Gained mutation: You are partially covered in sharp spines.
                  | [demonic ancestry]
   191 | D:1      | Reached XP level 2. HP: 18/24 MP: 2/2
   585 | D:2      | Reached XP level 3. HP: 26/29 MP: 3/3
  1363 | D:3      | Noticed Jessica
  1369 | D:3      | Killed Jessica
  1370 | D:3      | Gained mutation: You have sharp fingernails. [demonic
                  | ancestry]
  1370 | D:3      | Reached XP level 4. HP: 35/35 MP: 4/4
  1645 | D:3      | Reached skill level 1 in Unarmed Combat
  1653 | D:3      | Reached skill level 2 in Unarmed Combat
  1653 | D:3      | Reached XP level 5. HP: 30/41 MP: 5/5
  2226 | D:4      | Found a glowing drain.
  2236 | D:4      | Reached ** piety under Trog
  2250 | Sewer    | Entered a sewer
  2417 | Sewer    | Reached skill level 3 in Unarmed Combat
  2500 | Sewer    | Gained mutation: You are mostly covered in sharp spines.
                  | [demonic ancestry]
  2500 | Sewer    | Reached XP level 6. HP: 47/47 MP: 6/6
  2650 | Sewer    | Reached *** piety under Trog
  2941 | D:4      | Found Luodezub's Firing Range.
  2991 | D:4      | Noticed Eustachio
  3013 | D:4      | Killed Eustachio
  3014 | D:4      | Reached skill level 4 in Unarmed Combat
  3140 | D:4      | Found a shimmering blue altar of Sif Muna.
  3140 | D:4      | Found a radiant altar of Vehumet.
  3174 | D:4      | Reached XP level 7. HP: 46/55 MP: 7/7
  3368 | D:4      | Found a staircase to the Ecumenical Temple.
  3377 | Temple   | Entered the Ecumenical Temple
  3537 | D:4      | Noticed Ijyb
  3546 | D:4      | Killed Ijyb
  3619 | D:4      | Reached skill level 5 in Unarmed Combat
  3672 | D:4      | Noticed Pikel
  3680 | D:4      | Killed Pikel
  3681 | D:4      | Reached skill level 5 in Fighting
  3681 | D:4      | Reached skill level 6 in Unarmed Combat
  3681 | D:4      | Gained mutation: You have very sharp fingernails. [demonic
                  | ancestry]
  3681 | D:4      | Reached XP level 8. HP: 63/63 MP: 8/8
  4157 | D:4      | Found an iron altar of Okawaru.
  4425 | D:5      | Entered Level 5 of the Dungeon
  4520 | D:5      | Slain by an ogre

Illustrated notes

Levels and vault maps discovered:
D:1:      psy_arrival_statuary, layout_basic
D:2:      layout_basic
D:3:      layout_loops_cross, kennysheep_cross_bottleneck, uniq_jessica
D:4:      layout_layer_cave, gammafunk_temple_overflow_statue,
          okawaru_altar_gauntlet_db, minmay_temple_entry_ruins,
          portal_sewer_entry_f, nicolae_shop_firing_range, uniq_ijyb,
          uniq_eustachio, uniq_pikel
D:5:      layout_cave_pools, st_stairs_7
Temple:   nicolae_temple_bog_church

Skill      XL: |  1  2  3  4  5  6  7 |
---------------+----------------------+-----
Axes           | 3 4 |  4.6
Unarmed Combat | 2 3 4 6 |  6.9
Fighting       | 4 5 |  5.8
Armour         | |  1.7
Dodging        | |  1.7

Action                     |  1- 3 |  4- 6 |  7- 9 || total
---------------------------+-------+-------+-------++-------
  Melee: Hand axe          |    79 |    21 |       ||   100
         Punch             |     1 |     2 |     1 ||     4
         Unarmed           |       |   106 |    48 ||   154
 Invoke: Berserk           |     2 |     3 |     3 ||     8
    Use: Potion            |       |     1 |       ||     1
   Stab: Sleeping          |     1 |       |       ||     1
 Armour: Animal skin       |    33 |       |       ||    33
         Ring mail         |    13 |    72 |    36 ||   121
  Dodge: Dodged            |    41 |    61 |    12 ||   114

Table legend: (Time is in decaauts)
 A = Elapsed time spent in this place.
 B = Non-inter-level travel time spent in this place.
 C = Inter-level travel time spent in this place.
 D = Time resting spent in this place.
 E = Time spent auto-exploring this place.
 F = Levels seen in this place.
 G = Mean time per level.
                   A        B        C        D        E       F      G
               +--------+--------+--------+--------+--------+-----+--------+
         Total |   4758 |   4616 |    142 |    491 |   3438 |   7 |  679.7 |
       Dungeon |   3913 |   3771 |    142 |    410 |   2844 |   5 |  782.6 |
        Temple |      1 |      1 |      0 |      0 |      0 |   1 |    1.0 |
         Sewer |    843 |    843 |      0 |     81 |    594 |   1 |  843.0 |
               +--------+--------+--------+--------+--------+-----+--------+

Top non-repeatable levels by time:
     D:4: 1623 daAuts
     D:3: 1085 daAuts
   Sewer: 843 daAuts
     D:2: 558 daAuts
     D:1: 543 daAuts
     D:5: 103 daAuts
  Temple: 1 daAuts
